 Dungeon Crawl Stone Soup version 0.27-a0-1206-g6342a01c75 (webtiles) character file.

Game seed: 17641402281520662528

64 Glokmah the Poker (level 4, -5/34 HPs)
             Began as a Merfolk Warper on June 5, 2021.
             Slain by Grinder (8 damage)
             ... while paralysed by Grinder
             ... on level 3 of the Dungeon.
             The game lasted 00:03:13 (2599 turns).

Glokmah the Poker (Merfolk Warper)                  Turns: 2599, Time: 00:03:14

Health: -5/34      AC:  4    Str: 12    XL:     4   Next: 12%
Magic:  4/7        EV:  2    Int: 12    God:
Gold:   79         SH:  0    Dex: 13    Spells: 5/7 levels left

rFire    . . .     SeeInvis .   a - +0 spear
rCold    . . .     Faith    .   (no shield)
rNeg     . . .     Spirit   .   b - +0 leather armour
rPois    .         Reflect  .   f - +0 helmet
rElec    .         Harm     .   (no cloak)
rCorr    .         Rampage  .   (no gloves)
Will     .....                  (no boots)
Stlth    +.........             (no amulet)
HPRegen  0.11/turn              (no ring)
MPRegen  0.10/turn              (no ring)

@: paralysed
A: (nimble swimmer 2), mertail
a: no special abilities


You were on level 3 of the Dungeon.
You visited 1 branch of the dungeon, and saw 4 of its levels.

You collected 79 gold pieces.

Inventory:

Hand Weapons
 a - a +0 spear (weapon)
Missiles
 e - 5 boomerangs of dispersal (quivered)
Armour
 b - a +0 leather armour (worn)
 f - a +0 helmet (worn)
Scrolls
 c - 2 scrolls of identify {unknown}
 g - a scroll of vulnerability {unknown}
 h - a scroll of immolation {unknown}
 j - 4 scrolls of teleportation {unknown}
 k - a scroll of enchant weapon {unknown}
Potions
 d - 2 potions of haste {unknown}
 i - a potion of heal wounds {unknown}
 l - a potion of resistance {unknown}


   Skills:
 + Level 2.8 Fighting
 * Level 4.5 Polearms
 - Level 1.0 Throwing
 - Level 0.6 Armour
 - Level 2.6 Dodging
 + Level 2.4 Spellcasting
 + Level 2.8 Translocations


You had 5 spell levels left.
You knew the following spells:

 Your Spells              Type           Power      Damage    Failure   Level
a - Blink                 Tloc           N/A        N/A       16%         2

Your spell library contained the following spells:

 Spells                   Type           Power      Damage    Failure   Level
 Gell's Gravitas          Tloc           4%         N/A       30%         3
 Lesser Beckoning         Tloc           4%         N/A       30%         3
 Teleport Other           Tloc           8%         N/A       30%         3
 Magic Dart               Conj           4%         1d3       32%         1
 Searing Ray              Conj           2%         3d3       45%         2
 Dazzling Flash           Conj/Hex       2%         N/A       69%         3
 Iskenderun's Mystic Bla  Conj/Tloc      4%         2d3       88%         4
 Manifold Assault         Tloc           8%         N/A       96%         5
 Fulminant Prism          Conj/Hex       0%         3d6       97%         4


Dungeon Overview and Level Annotations

Branches:
Dungeon (4/15)
 Temple: D:4-7

Altars:

Shops:
D:1 !

Annotations:
D:3 Grinder


Innate Abilities, Weirdness & Mutations

((You are quick and stealthy near water. (Stealth+, EV+, Speed+++)))
Your lower body shifts to a powerful aquatic tail in water.


Message History

You now have 79 gold pieces (gained 16).
You reach to attack!
You closely miss Grinder.
You reach to attack!
You hit Grinder.
Grinder is lightly wounded.
Grinder gestures at you. You resist with significant effort.
You reach to attack!
You barely miss Grinder.
Grinder is lightly wounded.
A kobold comes into view.
It is wielding a +0 short sword and quivering poisoned darts.
You closely miss Grinder.
Grinder is lightly wounded.
Grinder hits you!
The kobold throws a poisoned dart.
The poisoned dart misses you.
Reach: a) +0 spear
Press: ? - help, Dir - move target, p - Grinder
Okay, then.
Unknown command.
Casting: Blink (safe; 16% risk of failure)
Confirm with . or Enter, or press ? or * to list all spells.
You blink.
Found a leather armour.
Casting: Blink (safe; 16% risk of failure)
Confirm with . or Enter, or press ? or * to list all spells.
You blink.
Grinder hits you but does no damage.
The kobold throws a poisoned dart.
The poisoned dart barely misses you. Grinder closely misses you.
The kobold throws a poisoned dart.
The poisoned dart closely misses you. Grinder gestures at you.
Pain shoots through your body!
The kobold throws a poisoned dart.
The poisoned dart barely misses you. Grinder gestures at you.
You suddenly lose the ability to move!
The kobold throws a poisoned dart.
The poisoned dart barely misses you. Grinder hits you.
* * * LOW HITPOINT WARNING * * *
You writhe in agony.
* * * LOW HITPOINT WARNING * * *
Grinder hits you but does no damage. Grinder hits you!
You die...

#.####...######
#.............
#.............
#............. ## ..##
#.####.K.####.. #.
....###. #...#
#.##.#.... #.^.#
#.#....## #5..# #.#....#
#@..# .......# #...#
.......# ######...#
##)#.######.....<.##
.)..............#####...
##.#.####...###.........
##.#.####........####...
..#.##......##<###
####..............#


You could see Grinder and a kobold.

Vanquished Creatures
  An adder (D:2)
  A worm (D:3)
  4 dart slugs
  5 endoplasms
  3 giant cockroaches
  4 goblins
  5 hobgoblins (D:1)
  4 jackals (D:1)
  2 quokkas
  2 ball pythons
  A bat (D:1)
  A kobold (D:3)
  8 rats
41 creatures vanquished.

Vanquished Creatures (others)
  2 plants (D:1)
2 creatures vanquished.

Grand Total: 43 creatures vanquished

Notes
Turn   | Place    | Note
-------+----------+-------------------------------------------
     0 | D:1      | Glokmah the Merfolk Warper began the quest for the Orb.
     0 | D:1      | Reached XP level 1. HP: 16/16 MP: 3/3
   297 | D:1      | Reached XP level 2. HP: 15/23 MP: 5/5
  1049 | D:1      | Found Valal's Distillery.
  1083 | D:1      | Reached XP level 3. HP: 23/28 MP: 6/6
  1158 | D:1      | Learned a level 2 spell: Blink
  1223 | D:1      | Reached skill level 4 in Polearms
  1228 | D:1      | Found a faded altar of an unknown god.
  2074 | D:2      | You fall into a shaft and drop 2 floors!
  2075 | D:4      | Noticed a phantom
  2402 | D:3      | Reached XP level 4. HP: 34/34 MP: 7/7
  2579 | D:3      | Noticed Grinder
  2594 | D:3      | Paralysed by Grinder for 7 turns
  2599 | D:3      | Slain by Grinder

Illustrated notes

Levels and vault maps discovered:
D:1:      minmay_arrival_widening_spiral_narrow, layout_basic, serial_shops,
          nicolae_shop_behind_doors, serial_forest,
          infiniplex_forest_lined_room_2, infiniplex_forest_clump_cross,
          infiniplex_forest_lined_3, infiniplex_forest_lined_3,
          infiniplex_forest_clump_diagonal, infiniplex_forest_straight_3,
          infiniplex_forest_end_3, infiniplex_forest_lined_ring,
          infiniplex_forest_end_1, hellmonk_ecumenical_altar_inner_sanctum,
          minmay_tromino_v7
D:2:      layout_loops_ring, serial_glass, glass_columns_c, glass_columns_a,
          glass_columns_a, glass_columns_c, basic_altar, minmay_tiny_reverse_x
D:3:      layout_loops_cross, gammafunk_ghost_arena, uniq_crazy_yiuf_cottage,
          uniq_robin, uniq_grinder
D:4:      layout_cave_pods, gammafunk_ghost_arena, due_unseen_surprise

Skill      XL: |  1  2  3 |
---------------+----------+-----
Polearms       | 4 |  4.5
Fighting       | |  2.8
Throwing       | |  1.0
Armour         | |  0.6
Dodging        | |  2.6
Spellcasting   | |  2.4
Translocations | |  2.8

Action                   |  1- 3 |  4- 6 || total
-------------------------+-------+-------++-------
Melee: Spear             |   170 |    18 ||   188
 Cast: Blink             |     4 |     2 ||     6
  Use: Scroll            |     1 |       ||     1
 Stab: Sleeping          |     2 |       ||     2
Armor: Leather armour    |    42 |     2 ||    44
Dodge: Dodged            |    93 |     8 ||   101

Table legend: (Time is in decaauts)
 A = Elapsed time spent in this place.
 B = Non-inter-level travel time spent in this place.
 C = Inter-level travel time spent in this place.
 D = Time resting spent in this place.
 E = Time spent auto-exploring this place.
 F = Levels seen in this place.
 G = Mean time per level.
                   A        B        C        D        E       F      G
               +--------+--------+--------+--------+--------+-----+--------+
         Total |   2583 |   2496 |     87 |   1044 |    983 |   4 |  645.8 |
       Dungeon |   2583 |   2496 |     87 |   1044 |    983 |   4 |  645.8 |
               +--------+--------+--------+--------+--------+-----+--------+

Top non-repeatable levels by time:
     D:1: 1863 daAuts
     D:3: 474 daAuts
     D:2: 198 daAuts
     D:4: 47 daAuts
